Map: 데스오라 - 래더

Players

Armani

  • Race: Zerg Zerg
  • League: Master
  • Spawn Location: 5:00

Stats - Winner!

  • Race: Protoss Protoss
  • League: Grandmaster
  • Spawn Location: 11:00

VOD

https://youtu.be/XXpAULkZ2c4

Description

Time

  • Played on: Sept. 22, 2020, 7:54 a.m.
  • Length: 12:37
Show
View Real Time Build Order
Export as new Build Order

Armani Zerg 

Build Orders: Hatch First 

Get SALT Encoding   

  12  0:00  Drone  
  13  0:12  Overlord  
  13  0:18  Drone  
  14  0:31  Drone x2  
  16  0:48  Hatchery  
  15  0:52  Drone  
  15  0:55  Drone  
  17  0:59  Drone  
  18  1:08  Extractor  
  17  1:14  Spawning Pool  
  17  1:16  Drone  
  17  1:20  Drone  
  18  1:29  Drone  
  19  1:39  Drone  
  20  1:50  Drone  
  21  2:00  Queen x2  
  25  2:02  Zergling x2  
  25  2:03  Overlord  
  26  2:11  Drone  
  26  2:13  Drone  
  28  2:21  Drone  
  29  2:23  Drone  
  30  2:33  Hatchery  
  29  2:38  Pneumatized Carapace  
  29  2:42  Drone x2  
  29  2:43  Drone  
  29  2:44  Drone  
  33  2:54  Overlord  
  33  2:55  Overlord  
  33  3:04  Metabolic Boost  
  33  3:12  Queen  
  35  3:13  Drone x3  
  35  3:14  Drone x2  
  35  3:16  Drone  
  41  3:20  Overlord  
  41  3:23  Drone x2  
  41  3:27  Drone  
  44  3:38  Spore Crawler, Overlord  
  44  3:39  Drone  
  44  3:41  Drone  
  44  3:44  Drone  
  44  3:47  Drone x3  
  49  3:49  Queen  
  49  3:51  Spore Crawler  
  49  3:54  Queen  
  52  3:56  Drone  
  52  3:57  Drone  
  52  4:01  Drone  
  55  4:04  Evolution Chamber  
  55  4:05  Zergling x4  
  55  4:09  Spore Crawler  
  54  4:12  Zergling x2  
  54  4:13  Zergling x2  
  55  4:17  Drone x3  
  55  4:18  Drone  
  55  4:22  Overlord  
  57  4:28  Drone  
  57  4:29  Drone  
  57  4:31  Zerg Melee Weapons Level 1  
  57  4:34  Drone  
  57  4:35  Drone x3  
  57  4:38  Drone x2  
  61  4:43  Drone  
  63  4:46  Overlord  
  63  4:49  Drone  
  63  4:51  Drone x2  
  66  4:53  Roach Warren  
  66  4:56  Overlord  
  66  4:58  Drone  
  66  5:00  Overlord  
  66  5:06  Drone, Extractor  
  65  5:08  Drone  
  66  5:14  Extractor  
  66  5:15  Drone x5  
  66  5:19  Drone x2  
  66  5:20  Drone  
  73  5:21  Hatchery  
  73  5:24  Lair  
  73  5:28  Drone  
  73  5:29  Drone  
  73  5:32  Extractor  
  73  5:33  Drone  
  73  5:34  Drone x6  
  80  5:37  Overlord  
  80  5:39  Extractor, Overlord  
  80  5:41  Extractor  
  80  5:42  Overlord  
  78  5:44  Overlord  
  78  5:47  Overlord x2  
  78  5:50  Overlord  
  78  5:58  Drone  
  78  5:59  Drone  
  78  6:00  Drone  
  78  6:01  Drone  
  78  6:02  Drone  
  78  6:03  Drone  
  84  6:05  Roach  
  84  6:10  Roach x4  
  94  6:13  Roach x4  
  94  6:16  Roach  
  104  6:21  Baneling Nest  
  104  6:22  Overseer  
  104  6:24  Glial Reconstitution  
  102  6:27  Overseer  
  102  6:28  Roach x2  
  102  6:29  Roach  
  109  6:32  Drone  
  109  6:34  Drone x4  
  109  6:37  Roach x2  
  117  6:42  Drone  
  117  6:43  Drone x2  
  117  6:44  Overlord  
  117  6:46  Zerg Melee Weapons Level 2  
  120  6:50  Ravager x3  
  120  6:52  Overlord  
  123  6:58  Roach x2  
  123  6:59  Overlord  
  127  7:02  Overlord  
  127  7:05  Drone  
  127  7:08  Extractor, Overlord  
  127  7:11  Drone, Extractor  
  127  7:12  Overlord  
  127  7:14  Ravager x2  
  127  7:15  Ravager, Centrifical Hooks  
  125  7:18  Drone x3  
  125  7:20  Drone x3  
  125  7:21  Drone x3  
  125  7:22  Zergling x14  
  141  7:24  Ravager  
  132  7:37  Spore Crawler  
  132  7:43  Drone x9  
  138  7:46  Zergling x4  
  138  7:49  Spore Crawler  
  139  7:55  Drone x9, Evolution Chamber  
  147  7:59  Hatchery  
  147  8:05  Ravager x3  
  149  8:07  Zergling x10  
  149  8:08  Baneling x4  
  149  8:12  Queen  
  156  8:15  Spine Crawler, Zergling x6, Spore Crawler  
  157  8:21  Drone  
  157  8:22  Infestation Pit  
  157  8:26  Zergling x2  
  157  8:27  Zergling x14  
  162  8:30  Zerg Ground Armor Level 1  
  162  8:31  Baneling x13  
  162  8:37  Zergling x4  
  162  8:39  Overseer  
  164  8:41  Baneling x10  
  164  8:42  Baneling x4  
  164  8:51  Zergling x8  
  164  8:55  Overlord  
  166  8:58  Overlord x2  
  166  8:59  Overlord  
  166  9:02  Zerg Missile Weapons Level 1  
  135  9:12  Zergling x2  
  135  9:13  Zergling x28  
  135  9:16  Hive  
  138  9:17  Spire  
  138  9:20  Drone  
  138  9:22  Roach x4  
  138  9:24  Ravager  
  147  9:25  Ravager  
  147  9:27  Zergling x8  
  147  9:28  Overseer  
  150  9:34  Drone x4  
  150  9:35  Drone, Queen  
  157  9:41  Drone  
  157  9:42  Drone x6  
  157  9:43  Drone  
  157  9:44  Zergling x2  
  166  9:49  Zergling x2  
  167  9:54  Baneling x29  
  167  9:55  Baneling x3  
  167  9:56  Zergling x10  
  167  9:57  Zergling x2  
  173  10:03  Zergling x6  
  176  10:08  Zergling x4  
  176  10:13  Zergling x20  
  187  10:14  Spore Crawler  
  187  10:17  Spine Crawler  
  187  10:18  Spine Crawler  
  163  10:33  Zergling x28  
  166  10:49  Corruptor  
  162  10:50  Corruptor x9  
  182  10:58  Adrenal Glands  
  158  11:04  Corruptor x2  
  158  11:07  Zergling x2  
  158  11:08  Zergling x22  
  158  11:09  Drone  
  158  11:10  Drone x2  
  177  11:13  Baneling x7  
  177  11:22  Corruptor  
  177  11:23  Corruptor  
  177  11:25  Zergling x16  
  189  11:29  Baneling x7  
  189  11:30  Overlord x2  
  189  11:33  Extractor, Overlord  
  189  11:35  Baneling x5  
  189  11:36  Baneling  
  189  11:38  Baneling  
  189  11:39  Baneling  
  188  11:50  Roach x6  
  188  11:51  Zergling x2  
  199  11:59  Baneling  
  199  12:00  Baneling x6  
  199  12:01  Zergling x12  
  196  12:14  Zergling x2  
  196  12:15  Zergling x18  
Show
View Real Time Build Order
Export as new Build Order

Stats Protoss - Winner!

Build Orders: 1 Gate Expand, Oracle Opening, Carriers, Zealot Archon, Archon Drop 

Get SALT Encoding   

  12  0:00  Probe  
  13  0:12  Probe  
  14  0:17  Pylon  
  14  0:24  Probe  
  15  0:32  Assimilator  
  15  0:36  Probe (Chrono Boost)  
  16  0:42  Gateway  
  16  0:48  Probe (Chrono Boost)  
  17  0:52  Probe (Chrono Boost)  
  18  1:03  Probe  
  19  1:16  Probe  
  20  1:22  Nexus  
  20  1:31  Cybernetics Core  
  20  1:34  Probe  
  20  1:39  Assimilator  
  21  1:46  Probe  
  22  1:49  Pylon  
  22  1:58  Probe (Chrono Boost)  
  23  2:06  Stalker (Chrono Boost)  
  23  2:07  Warp Gate  
  23  2:10  Probe (Chrono Boost)  
  26  2:16  Probe (Chrono Boost)  
  27  2:23  Stargate  
  27  2:26  Probe (Chrono Boost)  
  27  2:28  Adept  
  30  2:34  Probe (Chrono Boost)  
  32  2:42  Probe (Chrono Boost)  
  32  2:43  Probe (Chrono Boost)  
  33  2:48  Probe (Chrono Boost)  
  33  2:49  Probe  
  35  2:58  Adept  
  35  3:00  Probe  
  35  3:01  Gateway, Probe  
  35  3:05  Oracle (Chrono Boost)  
  39  3:12  Probe  
  43  3:13  Probe  
  43  3:18  Pylon  
  44  3:24  Probe  
  44  3:25  Probe  
  46  3:29  Pylon  
  46  3:33  Oracle (Chrono Boost)  
  46  3:37  Probe x2  
  51  3:45  Assimilator  
  51  3:47  Assimilator  
  51  3:48  Pylon  
  51  3:49  Probe x2  
  53  3:57  Adept x2  
  53  3:59  Void Ray (Chrono Boost)  
  53  4:01  Probe x2  
  63  4:13  Probe x2  
  65  4:17  Pylon  
  65  4:23  Nexus  
  65  4:30  Probe  
  64  4:31  Probe  
  64  4:37  Forge  
  63  4:38  Twilight Council  
  63  4:42  Probe  
  63  4:45  Probe  
  65  4:47  Robotics Facility  
  65  4:50  Shield Battery  
  65  4:54  Probe  
  65  4:59  Probe  
  67  5:02  Shield Battery  
  67  5:05  Adept  
  67  5:06  Gateway  
  70  5:08  Gateway, Adept  
  70  5:10  Protoss Ground Weapons Level 1 (Chrono Boost)  
  70  5:13  Probe x2  
  73  5:20  Charge  
  73  5:25  Templar Archives  
  74  5:28  Probe x2 (Chrono Boost)  
  75  5:35  Probe (Chrono Boost)  
  75  5:37  Warp Prism  
  75  5:40  Probe (Chrono Boost)  
  75  5:41  Probe (Chrono Boost)  
  80  5:45  Probe (Chrono Boost)  
  80  5:46  Assimilator, Probe x2 (Chrono Boost)  
  83  5:50  Probe (Chrono Boost)  
  83  5:52  Assimilator  
  83  5:54  Probe  
  83  5:55  Pylon, Probe  
  86  6:01  Pylon  
  86  6:02  Probe  
  87  6:06  Probe  
  87  6:07  Probe  
  87  6:10  High Templar x2  
  93  6:13  Pylon  
  93  6:14  Pylon  
  93  6:15  High Templar  
  93  6:16  Archon, Pylon  
  93  6:17  High Templar  
  97  6:23  Photon Cannon  
  98  6:26  Observer, Pylon  
  98  6:29  Archon  
  98  6:39  Gateway  
  98  6:40  Gateway  
  98  6:42  Gateway  
  98  6:43  Gateway  
  98  6:52  High Templar x2, Zealot  
  98  6:53  Zealot, Psionic Storm  
  106  6:55  Protoss Ground Weapons Level 2 (Chrono Boost)  
  106  6:57  Nexus, Pylon  
  106  7:01  Pylon  
  106  7:11  Immortal (Chrono Boost)  
  110  7:21  Pylon  
  110  7:24  Shield Battery  
  110  7:25  Shield Battery  
  110  7:27  Photon Cannon  
  110  7:29  Photon Cannon  
  110  7:41  Immortal (Chrono Boost)  
  110  7:47  High Templar x2  
  110  7:48  Zealot x6  
  130  7:55  Photon Cannon  
  130  7:56  Photon Cannon  
  130  7:58  Photon Cannon, Probe x3  
  133  8:00  Photon Cannon  
  133  8:05  Immortal  
  133  8:09  Assimilator  
  133  8:10  Probe  
  134  8:14  Assimilator  
  138  8:21  Photon Cannon  
  138  8:27  High Templar x4  
  146  8:35  Fleet Beacon  
  146  8:41  Protoss Air Weapons Level 1  
  146  8:43  Probe x2  
  146  8:44  Probe x2  
  150  8:52  Stargate  
  150  8:53  Stargate  
  150  8:54  Photon Cannon, Shield Battery  
  134  9:17  Photon Cannon  
  134  9:19  Photon Cannon, Protoss Ground Weapons Level 3 (Chrono Boost)  
  134  9:20  Shield Battery  
  134  9:21  Shield Battery  
  134  9:23  Carrier  
  140  9:31  Probe x4  
  143  9:32  Photon Cannon  
  143  9:35  Carrier  
  144  9:40  Mothership (Chrono Boost)  
  158  9:54  Carrier  
  164  10:00  Pylon  
  164  10:01  Pylon  
  164  10:03  Pylon  
  164  10:07  Zealot x8  
  167  10:32  Carrier  
  167  10:35  Pylon  
  167  10:36  Zealot x6  
  167  10:37  Zealot x2  
  167  10:40  Carrier  
  182  10:47  Probe x3  
  181  10:52  Carrier  
  181  10:59  Archon, Probe x2  
  183  11:10  High Templar x2  
  183  11:11  High Templar x2  
  191  11:16  Pylon  
  191  11:17  Archon x2  
  191  11:25  Probe x3 (Chrono Boost)  
  195  11:27  Probe (Chrono Boost)  
  195  11:31  Nexus  
  195  11:32  Pylon  
  195  11:38  High Templar x2  
  199  11:43  Archon  
  193  11:51  High Templar  
  193  11:52  High Templar, Zealot x2  
  197  11:56  Archon  
  197  12:00  Zealot x2  
  178  12:11  Zealot x2  
  178  12:12  Zealot x2  
Tags
 
Add a new tag
Caveats
  • Supply blocks, unpowered buildings, or Contaminate may cause inaccurate times.
  • Supply counts are checked every 10 seconds.